 Dungeon Crawl Stone Soup version 0.13.1-2-gfb2c2b7 (webtiles) character file.

110 Lilouch the Cudgeler (level 3, -4/28 HPs)
             Began as a Human Chaos Knight on Dec 4, 2013.
             Was a Plaything of Xom.
             Slain by Sigmund
             ... wielding a +2,+2 scythe of dragon slaying
              (13 damage)
             ... on Level 2 of the Dungeon.
             The game lasted 00:05:43 (1096 turns).

Lilouch the Cudgeler (Human Chaos Knight)           Turns: 1096, Time: 00:05:43

HP  -4/28        AC  5     Str 12      XL: 3   Next: 25%
MP   3/3         EV  9     Int 13      God: Xom
Gold 83          SH  8     Dex 12      Spells:  0 memorised,  2 levels left

Res.Fire  : . . .   See Invis. : .   a - +0 mace (chaos)
Res.Cold  : . . .   Warding    : .   b - +2 leather armour
Life Prot.: . . .   Conserve   : .   q - +1 dwarf buckler
Res.Poison: .       Res.Corr.  : .   (no helmet)
Res.Elec. : .       Clarity    : .   (no cloak)
Sust.Abil.: . .     Spirit.Shd : .   (no gloves)
Res.Mut.  : .       Stasis     : .   (no boots)
Res.Rott. : .       Flight     : .   (no amulet)
Saprovore : . . .                    (no ring)
                                     (no ring)

@: not resistant to hostile enchantments, very unstealthy
A: no striking features
a: Renounce Religion


You were on level 2 of the Dungeon.
You worshipped Xom.
You were a toy of Xom.
You were not hungry.

You visited 1 branch of the dungeon, and saw 2 of its levels.

You collected 63 gold pieces.

Inventory:

Hand weapons
 a - a +0,+0 mace of chaos (weapon)
 f - a +0,+2 dagger (quivered)
 l - a +0,+0 dagger
 p - a +0,+0 sling of flame
 u - a +2,+1 dagger
Missiles
 n - 17 stones
 y - a steel dart
Armour
 b - a +2 leather armour (worn)
 k - a +1 dwarven ring mail
 q - a +1 dwarven buckler (worn)
Comestibles
 c - 2 bread rations
 h - an apple
 j - a pear
Scrolls
 e - a scroll of curse jewellery {unknown}
 g - a scroll of random uselessness {unknown}
 m - 2 scrolls of identify {unknown}
 r - a scroll of remove curse {unknown}
 s - a scroll of amnesia {unknown}
 t - a scroll of noise {unknown}
 v - a scroll of enchant weapon I {unknown}
 x - a scroll of magic mapping {unknown}
Jewellery
 i - an uncursed amulet of faith {unknown}
Potions
 d - a potion of beneficial mutation {unknown}
 o - a potion of heal wounds {unknown}
 w - a potion of agility {unknown}


   Skills:
 - Level 3.0 Fighting
 + Level 3.4 Maces & Flails
 + Level 2.9 Armour
 - Level 1.0 Dodging
 * Level 0.2 Shields


You had 2 spell levels left.
You didn't know any spells.

Dungeon Overview and Level Annotations

Branches:
Dungeon (2/27)

Altars:

Annotations:
D:2 Sigmund


Message History

The hobgoblin shouts!
Sigmund says, "Your kind have come here before.
I understand now why.
You desire death..."
Sigmund mumbles some strange words.
Sigmund flickers and vanishes!
Deactivating autopickup; reactivate with Ctrl-A.
Found 3 large rocks.
Your kobold zombie misses the giant newt.
You barely miss the giant newt. The giant newt barely misses you.
Your kobold zombie hits the giant newt with a dagger.
The giant newt dies!
You sock the hobgoblin!
You kill the hobgoblin!
You swap places.
It hits you.
You see here a giant newt corpse.
You swap places.
It hits you!
Ouch! That really hurt!
A rat comes into view.
You swap places.
It hits you!
You die...

########################
#.......................
#.###############.###### #.#
#.# #.# #.# #.# #.#
#######.###############.######
#..........%.@z...............
#.......r..############.######
#..........####### #.#
#................# #.#
#...........l....# #.#
###########...... #####.##
g..... #......##### ......
#........... .(...
#......#####


You could see a rat and a friendly kobold zombie.

Vanquished Creatures
  3 goblins (D:1)
  3 hobgoblins
  2 jackals (D:1)
  6 bats
  2 giant newts (D:1)
  5 kobolds
  4 rats
25 creatures vanquished.

Vanquished Creatures (collateral kills)
  A giant newt (D:2)
  A goblin (D:1)
  A rat (D:1)
3 creatures vanquished.

Grand Total: 28 creatures vanquished

Notes
Turn   | Place    | Note
--------------------------------------------------------------
     0 | D:1      | Lilouch, the Human Chaos Knight, began the quest for the Orb.
     0 | D:1      | Reached XP level 1. HP: 16/16 MP: 1/1
    78 | D:1      | XOM: potion effect (berserk)
   236 | D:1      | Reached XP level 2. HP: 9/22 MP: 2/2
   487 | D:1      | XOM is BORED!
   487 | D:1      | XOM: harmless Hex miscast
   603 | D:1      | XOM: harmless Summ miscast
   630 | D:1      | Reached XP level 3. HP: 28/28 MP: 3/3
  1032 | D:2      | XOM: harmless Necr miscast
  1070 | D:2      | XOM: silly message
  1080 | D:2      | Noticed Sigmund
  1096 | D:2      | Slain by Sigmund

Action                   || total
-------------------------++-------
Melee: Mace              ||    59
Throw: Dagger            ||     1
